 Dungeon Crawl Stone Soup version 0.32-a0-779-g362cfcae2a (webtiles) character file.

Game seed: 10037813506343539101

63 smashvw the Trooper (level 3, 0/34 HPs)
             Began as a Mountain Dwarf Monk on Mar 19, 2024.
             Slain by an orc wizard
             ... wielding a +3 dagger
              (4 damage)
             ... on level 2 of the Dungeon.
             The game lasted 00:03:26 (1147 turns).

smashvw the Trooper (Mountain Dwarf Monk)           Turns: 1147, Time: 00:03:27

Health: 0/34       AC:  6    Str: 15    XL:     3   Next: 87%
Magic:  3/3        EV:  8    Int: 10    God:
Gold:   32         SH:  0    Dex: 12    Spells: 2/2 levels left

rFire   . . .        a - +0 spear
rCold   . . .        d - orb {light}
rNeg    . . .        l - +0 scale mail
rPois   .            (no helmet)
rElec   .            (no cloak)
rCorr   .            (no gloves)
SInv    .            (no boots)
Will    .....        (no amulet) Stlth
                     (no ring)
HPRegen 0.25/turn    (no ring)
MPRegen 0.08/turn

%: no passive effects
@: glowing
A: runic magic, artefact enchanting
a: no special abilities


You were on level 2 of the Dungeon.
You visited 1 branch of the dungeon, and saw 2 of its levels.

You collected 32 gold pieces.

Inventory:

Hand Weapons
 a - a +0 spear (weapon)
Missiles
 h - 5 stones (quivered)
 j - 6 poisoned darts
Armour
 d - an orb of light (worn)
 l - a +0 scale mail (worn)
Talismans
 g - a serpent talisman
Scrolls
 b - a scroll of blinking {unknown}
 e - 2 scrolls of fear {unknown}
 i - a scroll of poison {unknown}
Potions
 c - a potion of ambrosia
 f - a potion of might {unknown}
 k - 2 potions of brilliance {unknown}


   Skills:
 + Level 4.4 Fighting
 + Level 4.0 Polearms
 - Level 2.1 Dodging


You had 2 spell levels left.
You didn't know any spells.
Your spell library was empty.

Dungeon Overview and Level Annotations

Branches:
Dungeon (2/15)

Altars:


Innate Abilities, Weirdness & Mutations

Your spellcasting is much less encumbered by armour.
You can use scrolls of enchantment on lesser artefacts.


Message History

The orc wizard hits you but does no damage.
The orc wizard gestures at you while chanting.
The puff of flame hits you! The orc wizard barely misses you.
You hit the orc wizard.
The orc wizard is moderately wounded.
You feel less confused.
You hit the orc wizard but do no damage.
The orc wizard is moderately wounded.
The orc wizard hits you with a +3 dagger.
Press: ? - help, v - describe, . - travel, g - get item
Here: an orc wizard, wielding a +3 dagger and wearing a +0 robe (moderately wounded, haloed)
Items here: a +0 dagger; a +0 robe; a jackal corpse.
The floor, spattered with blood.
Press: ? - help, v - describe, . - travel, g - get item
Here: an orc wizard, wielding a +3 dagger and wearing a +0 robe (moderately wounded, haloed)
Items here: a +0 dagger; a +0 robe; a jackal corpse.
The floor, spattered with blood.
Unknown command.
You hit the orc wizard.
The orc wizard is severely wounded.
The orc wizard casts a spell at you. The magic dart hits you.
* * * LOW HITPOINT WARNING * * *
You barely miss the orc wizard.
The orc wizard is severely wounded.
The orc wizard hits you with a +3 dagger.
* * * LOW HITPOINT WARNING * * *
You hit the orc wizard but do no damage.
The orc wizard is severely wounded.
The orc wizard points at you and mumbles some strange words.
The magic dart hits you but does no damage.
You barely miss the orc wizard.
The orc wizard is severely wounded.
The orc wizard hits you with a +3 dagger.
* * * LOW HITPOINT WARNING * * *
You barely miss the orc wizard.
The orc wizard is severely wounded.
The orc wizard hits you with a +3 dagger.
You die... #..# #.o## ooo

#†# #h# #o#
#[########
##########oo.......
........@oho#######
###########.# ..#..
#.# .##.# #.# .##.#
#.# .##.# #.# .##.#
#.# .##.# #.# .##.#
#.#


You could see an orc wizard, 3 orcs and a jackal.

Vanquished Creatures
  An orc wizard (D:2)
  5 endoplasms
  2 giant cockroaches
  2 goblins (D:1)
  5 hobgoblins
  5 jackals
  A quokka (D:1)
  3 ball pythons (D:1)
  4 bats (D:1)
  3 frilled lizards (D:1)
  2 rats (D:1)
33 creatures vanquished.

Vanquished Creatures (others)
  A bat (D:1)
1 creature vanquished.

Grand Total: 34 creatures vanquished

Notes
Turn   | Place    | Note
-------+----------+-------------------------------------------
     0 | D:1      | smashvw the Mountain Dwarf Monk began the quest for the
                  | Orb.
     0 | D:1      | Reached XP level 1. HP: 19/19 MP: 1/1
   174 | D:1      | Reached XP level 2. HP: 20/26 MP: 2/2
   262 | D:1      | Found Nak Gadd's Distillery.
   662 | D:1      | Reached XP level 3. HP: 33/33 MP: 3/3
  1147 | D:2      | Slain by an orc wizard

Illustrated notes

Levels and vault maps discovered:
D:1:      lightli_arrival_windingriver, layout_rooms, serial_shops, shop,
          lemuel_flame_loot_1
D:2:      layout_loops_ring, dreamdust_ecumenical_altar_drowned_temple,
          uniq_sigmund

Skill      XL: |  1  2  3 |
---------------+----------+-----
Fighting       | 4 |  4.4
Polearms       | 4 |  4.0
Dodging        | |  2.1

Action                     || total
---------------------------++-------
  Melee: Spear             ||   135
 Armour: Robe              ||    29
         Scale mail        ||    47
  Dodge: Dodged            ||    43

Table legend: (Time is in decaauts)
 A = Elapsed time spent in this place.
 B = Non-inter-level travel time spent in this place.
 C = Inter-level travel time spent in this place.
 D = Time resting spent in this place.
 E = Time spent auto-exploring this place.
 F = Levels seen in this place.
 G = Mean time per level.
                   A        B        C        D        E       F      G
               +--------+--------+--------+--------+--------+-----+--------+
         Total |   1138 |   1108 |     30 |      0 |    822 |   2 |  569.0 |
       Dungeon |   1138 |   1108 |     30 |      0 |    822 |   2 |  569.0 |
               +--------+--------+--------+--------+--------+-----+--------+

Top non-repeatable levels by time:
     D:1: 1012 daAuts
     D:2: 126 daAuts
